 Dungeon Crawl Stone Soup version 0.27-a0-75-g9f9dfd16e9 (webtiles) character file.

Game seed: 7832449300500085136

56 Kuinu the Sneak (level 4, 0/42 HPs)
             Began as a Kobold Brigand on Jan 12, 2021.
             Slain by a giant cockroach (2 damage)
             ... on level 3 of the Dungeon.
             The game lasted 00:07:33 (2471 turns).

Kuinu the Sneak (Kobold Brigand)                    Turns: 2471, Time: 00:07:33

Health: 0/42       AC: 22    Str:  8    XL:     4   Next: 17%
Magic:  4/4        EV:  3    Int: 12    God:
Gold:   150        SH:  0    Dex: 17    Spells: 3/3 levels left

rFire    x . .     SeeInvis .   f - -2 whip (curse)
rCold    + . .     Faith    .   (shield restricted)
rNeg     + + +     Spirit   .   (armour currently unavailable)
rPois    +         Reflect  .   (helmet currently unavailable)
rElec    .         Harm     .   (cloak currently unavailable)
rCorr    .         Rampage  .   (gloves currently unavailable)
Will     .....     NoTele   +   (boots currently unavailable)
Stlth    ++++......             (no amulet)
HPRegen  0.14/turn              q - -4 ring of slaying (curse)
MPRegen  0.09/turn              v - ring of ice

@: tree-form
A: small, nightstalker 3
a: no special abilities


You were on level 3 of the Dungeon.
You were a tree.
You visited 1 branch of the dungeon, and saw 3 of its levels.

You collected 150 gold pieces.

Inventory:

Hand Weapons
 a - a +3 dagger
 f - a cursed -2 whip (weapon)
Missiles
 d - 40 poisoned darts (quivered)
 e - 2 curare-tipped darts
Armour
 b - a +0 robe
 c - a +0 cloak (melded)
 i - a +0 cloak
 j - a +0 pair of gloves (melded)
 m - +0 fire dragon scales (melded)
 o - a +0 leather armour
Jewellery
 q - a cursed -4 ring of slaying (left branch)
 v - a ring of ice (right branch)
Wands
 s - a wand of polymorph (7)
Scrolls
 p - a scroll of enchant weapon
Potions
 l - a potion of degeneration
 r - a potion of mutation {unknown}
 t - a potion of ambrosia {unknown}
 w - a potion of might {unknown}


   Skills:
 * Level 3.2 Fighting
 * Level 3.7 Short Blades
 - Level 2.1 Throwing
 + Level 2.1 Dodging
 + Level 5.7 Stealth


You had 3 spell levels left.
You didn't know any spells.
Your spell library was empty.

Dungeon Overview and Level Annotations

Branches:
Dungeon (3/15)

Altars:
Nemelex Xobeh


Innate Abilities, Weirdness & Mutations

You are small and have problems with some larger weapons.
You are completely attuned to the shadows.


Message History

You kill the hobgoblin!
The bat hits you but does no damage. x2; The orc hits you with a +0 flail.
* * * LOW HITPOINT WARNING * * *
You hit the bat but do no damage. The bat hits you but does no damage.
The orc hits you but does no damage.
You barely miss the bat. The bat hits you but does no damage. The bat hits you.
* * * LOW HITPOINT WARNING * * *
The giant cockroach waves its antennae.
The orc hits you but does no damage.
You hit the bat but do no damage. The bat hits you but does no damage.
The orc hits you but does no damage.
The giant cockroach bites you but does no damage.
You hit the giant cockroach but do no damage.
The giant cockroach bites you but does no damage.
You closely miss the giant cockroach. The orc completely misses you.
The giant cockroach bites you but does no damage.
You barely miss the giant cockroach.
The giant cockroach bites you but does no damage.
The orc hits you but does no damage. The giant cockroach bites you.
You die...

.#.##. ####.##..#.# ..(...
#.##.#..# .....######
####.#.###.#
#...go...###.......#..#
#..o####.....##.#.#.#.#
#...B.##..#..##.......##
#.##..#.##.###........(...
#.....#.##o.#..##......###
####.....♣Bb...##....B...#
##.####.######....B.#..#.#
##.#.###.# #####.##..#.#
#.###..(.# #.....#.#
##.#....## #..####.#
##.###># #........ #.###.#
#.)...... #...#.#
#########.####..
#.....####.........##....


You could see an orc, a giant cockroach and a bat.

Vanquished Creatures
  2 oozes
  2 worms (D:3)
  A dart slug (D:1)
  2 orcs (D:3)
  3 giant cockroaches
  7 goblins
  4 hobgoblins
  2 bats (D:1)
  A frilled lizard (D:1)
  6 kobolds
  6 rats
36 creatures vanquished.

Notes
Turn   | Place    | Note
-------+----------+-------------------------------------------
     0 | D:1      | Kuinu the Kobold Brigand began the quest for the Orb.
     0 | D:1      | Reached XP level 1. HP: 12/12 MP: 1/1
    64 | D:1      | Reached XP level 2. HP: 11/18 MP: 2/2
  1127 | D:2      | Reached XP level 3. HP: 22/22 MP: 3/3
  1769 | D:3      | HP: 1/23 [orc wizard/magic dart (7)]
  2321 | D:3      | Reached XP level 4. HP: 12/28 MP: 4/4
  2377 | D:3      | Found a sparkling altar of Nemelex Xobeh.
  2465 | D:3      | HP: 2/42 [orc/+0 flail (4)]
  2471 | D:3      | Slain by a giant cockroach

Illustrated notes

Levels and vault maps discovered:
D:1:      zaba_arrival_water, layout_basic
D:2:      layout_basic
D:3:      layout_loops_cross, lemuel_doored_altar, grunt_decor_arrowhead

Skill      XL: |  1  2  3 |
---------------+----------+-----
Short Blades   | 3 |  3.7
Fighting       | 3 |  3.2
Dodging        | 2 |  2.1
Throwing       | |  2.1
Stealth        | |  5.7

Action                   |  1- 3 |  4- 6 || total
-------------------------+-------+-------++-------
Melee: Dagger            |   124 |       ||   124
       Whip              |    48 |    65 ||   113
  Use: Scroll            |    13 |       ||    13
       Potion            |     4 |     1 ||     5
 Stab: Sleeping          |    15 |       ||    15
       Distracted        |     1 |       ||     1
Armor: Robe              |     7 |       ||     7
       Leather armour    |    55 |       ||    55
       Fire dragon scale |    35 |    86 ||   121
       Skin              |       |    73 ||    73
Dodge: Dodged            |   172 |    83 ||   255

Table legend: (Time is in decaauts)
 A = Elapsed time spent in this place.
 B = Non-inter-level travel time spent in this place.
 C = Inter-level travel time spent in this place.
 D = Time resting spent in this place.
 E = Time spent auto-exploring this place.
 F = Levels seen in this place.
 G = Mean time per level.
                   A        B        C        D        E       F      G
               +--------+--------+--------+--------+--------+-----+--------+
         Total |   2501 |   2402 |     99 |    122 |   1701 |   3 |  833.7 |
       Dungeon |   2501 |   2402 |     99 |    122 |   1701 |   3 |  833.7 |
               +--------+--------+--------+--------+--------+-----+--------+

Top non-repeatable levels by time:
     D:1: 1064 daAuts
     D:3: 765 daAuts
     D:2: 670 daAuts
